 Dungeon Crawl Stone Soup version 0.26-a0-651-gb41185065b (webtiles) character file.

Game seed: 11977446711709632480

86326 Flugslaktarn the Severer (level 15, -14/148 HPs)
             Began as a Deep Dwarf Fighter on Oct 9, 2020.
             Was a High Priest of Makhleb.
             Killed from afar by a nagaraja (22 damage)
             ... with a bolt of poison
             ... on level 4 of the Snake Pit.
             The game lasted 00:11:45 (14673 turns).

Flugslaktarn the Severer (Deep Dwarf Fighter)      Turns: 14673, Time: 00:11:46

Health: -14/148    AC: 24    Str: 21    XL:     15   Next: 40%
Magic:  13/13      EV: 13    Int:  9    God:    Makhleb [*****.]
Gold:   1147       SH:  7    Dex: 21    Spells: 14/14 levels left

rFire    . . .     SeeInvis .   O - +7 war axe (elec)
rCold    . . .     Faith    .   K - +1 buckler of Gacrahemy {rElec Dex+4 Slay+3}
rNeg     + + .     Spirit   .   L - +3 chain mail {MR+}
rPois    .         Reflect  .   j - +2 helmet
rElec    +         Harm     .   P - scarf {shadows}
rCorr    +         Rampage  +   D - +0 pair of gloves of Apathy {Rampage rN+ Stlth+}
MR       +++..                  (no boots)
Stlth    ..........             (no amulet)
HPRegen  0.00/turn              p - +4 ring of protection
MPRegen  0.13/turn              k - ring of resist corrosion

@: lethally poisoned (-14 -> -37), non-regenerating, constricted
A: damage resistance, heal wounds, negative energy resistance 1, sense
surroundings 2, no regeneration
a: Heal Wounds, Minor Destruction, Lesser Servant of Makhleb, Major Destruction,
Greater Servant of Makhleb, Renounce Religion


You were on level 4 of the Snake Pit.
You worshipped Makhleb.
Makhleb was extremely pleased with you.
You visited 4 branches of the dungeon, and saw 25 of its levels.
You also visited: Bailey and Gauntlet.

You collected 1907 gold pieces.
You spent 760 gold pieces at shops.

Inventory:

Hand Weapons
 E - a +0 broad axe of freezing
   (You took it off an orc warrior in a bailey)
 O - a +7 war axe of electrocution (weapon)
   (You bought it in a shop on level 7 of the Dungeon)
Missiles
 o - 4 throwing nets (quivered)
Armour
 i - a +0 plate armour
   (You found it on level 5 of the Dungeon)
 j - a +2 helmet (worn)
   (You found it on level 1 of the Dungeon)
 D - the +0 pair of gloves of Apathy (worn) {Rampage rN+ Stlth+}
   (You found it in a Gauntlet)

   It protects you from negative energy.
   It bestows one free step when moving towards enemies.
   It makes you more stealthy.
 G - a +0 pair of gloves
   (You found it on level 12 of the Dungeon)
 K - the +1 buckler of Gacrahemy (worn) {rElec Dex+4 Slay+3}
   (You bought it in a shop on level 11 of the Dungeon)

   It affects your dexterity (+4).
   It affects your accuracy and damage with ranged weapons and melee attacks
   (+3).
   It insulates you from electricity.
 L - a +3 chain mail of magic resistance (worn)
   (You took it off a minotaur in a Gauntlet)
 P - a scarf of shadows (worn)
   (You found it on level 14 of the Dungeon)
Jewellery
 k - a ring of resist corrosion (right hand)
   (You found it on level 9 of the Dungeon)
 p - a +4 ring of protection (left hand)
   (You took it off an ogre mage on level 15 of the Dungeon)
Wands
 b - a wand of acid (19)
   (You took it off Erolcha on level 9 of the Dungeon)
 g - a wand of digging (21)
   (You found it on level 5 of the Dungeon)
 u - a wand of enslavement (12)
   (You found it on level 7 of the Dungeon)
 B - a wand of paralysis (4)
   (You took it off Urug on level 12 of the Dungeon)
Scrolls
 c - a scroll of fear
 f - 6 scrolls of fog
 l - 2 scrolls of magic mapping
 r - 7 scrolls of identify
 t - 5 scrolls of teleportation
 x - 10 scrolls of remove curse
 y - 5 scrolls of immolation
 z - 2 scrolls of blinking
 J - 3 scrolls of enchant weapon
 M - 2 scrolls of enchant armour
Potions
 a - 2 potions of degeneration {unknown}
 d - 4 potions of might
 e - 3 potions of flight
 h - 2 potions of haste
 m - 5 potions of mutation
 n - a potion of ambrosia {unknown}
 q - 13 potions of curing
 s - 3 potions of invisibility
 w - 5 potions of heal wounds
 H - 3 potions of lignification {unknown}
 I - a potion of berserk rage {unknown}
 N - 3 potions of cancellation
Miscellaneous
 C - a tin of tremorstones (3/3)
   (You found it on level 13 of the Dungeon)
 F - a condenser vane (2/2)
   (You found it in a Gauntlet)


   Skills:
 * Level 13.5 Fighting
 * Level 15.6 Axes
 + Level 11.7 Armour
 - Level 11.0 Dodging
 - Level 4.0 Shields
 + Level 11.9 Invocations
 - Level 10.0 Evocations


You had 14 spell levels left.
You didn't know any spells.
Your spell library was empty.

Dungeon Overview and Level Annotations

Branches:
Dungeon (15/15)            Temple (1/1) D:7            Lair (5/6) D:11
 Shoals (0/4) Lair:4        Snake (4/4) Lair:2          Orc (0/2) D:11
 Vaults (0/5) D:14         Depths (0/5) D:15         Bailey (visited)
Gauntlet (visited)
  Slime: Lair:5-6

Altars:
Ashenzari
Cheibriados
Dithmenos
Elyvilon
Fedhas
Gozag
Hepliaklqana
Kikubaaqudgha
Makhleb
Nemelex Xobeh
Okawaru
Qazlal
Ru
Sif Muna
Trog
Uskayaw
Vehumet
Wu Jian
Xom
Yredelemnul
Zin
The Shining One
Lugonu

Shops:
D:5 *   D:7 (   D:11 [   D:12 *=}

Annotations:
D:4 1 exclusion
D:7 2 transporters
D:8 exclusion: 2 goblins
D:13 1 runed translucent door
D:14 1 exclusion
Lair:3 1 exclusion


Innate Abilities, Weirdness & Mutations

You are resistant to damage.
You can heal yourself by infusing magical energy.
You resist negative energy. (rN+)
You passively map the area around you.
You do not regenerate.


Message History

A demon appears!
The guardian serpent misses you. The anaconda barely misses you.
The anaconda constricts you.
The nagaraja hits you but does no damage.
Your neqoxec hits the anaconda.
Your orange demon misses the anaconda.
The anaconda bites you but does no damage.
The anaconda constricts you.
The guardian serpent casts a spell at you.
The bolt of poison hits you!!
You are more poisoned.
* * * LOW HITPOINT WARNING * * *
The anaconda's grasp on you weakens, but your attempt to escape fails.
You feel sick. The nagaraja completely misses you.
The naga spits poison at you. The splash of poison misses you.
The splash of poison hits your neqoxec. You block the anaconda's attack.
The anaconda constricts you.
The guardian serpent hits you but does no damage.
The nagaraja gestures at you while chanting.
The bolt of poison hits the naga!
The bolt of poison hits you!!
You are lethally poisoned!
You die...

, * , ** , , ,,** , ,* ** ,
* * * , ** * , , ,* , ## ,,
, , , , , .### , , , * * ,
,,,, N..##,, , ,, * ,
########S...#....#+###
##....41SSN..#........., ,
,,,,#.....3.@NN.##..........
, ,##.....#######.......^...
.........................,
.........................
................)).#..... **
#######.........)........, *
#.........)<).(...., *, *
##.........).....(., , ,
#.....############


You could see a nagaraja (fast), 2 anacondas, a guardian serpent, a naga mage
(fast), 2 nagas, a friendly Executioner (summoned), a friendly orange demon
(summoned) and a friendly neqoxec (summoned).

Vanquished Creatures
  Jorgrun (Snake:2)
  Agnes (D:14)
  2 nagarajas
  An ironheart preserver (D:14)
  Azrael (D:13)
  A minotaur (Gauntlet)
  A fire dragon (D:15)
  2 ogre magi (D:15)
  An ice dragon (D:15)
  Erolcha (D:9)
  5 hydras
  2 rakshasas
  A catoblepas (D:13)
  4 naga warriors
  2 anacondas (Snake:1)
  3 centaur warriors
  A tengu warrior (D:14)
  15 two-headed ogres
  2 naga sharpshooters (Snake:1)
  A shock serpent (Snake:4)
  Urug (D:12)
  A salamander mystic (Snake:4)
  2 unseen horrors (D:10)
  3 skeletal warriors (D:15)
  2 sixfirhies (Gauntlet)
  2 naga ritualists
  2 deep elf magi
  An orc knight (Bailey)
  10 ugly things
  A manticore (D:12)
  2 mana vipers (Snake:1)
  6 cyclopes
  4 salamanders
  A moth of wrath (Gauntlet)
  A rust devil (Gauntlet)
  6 black mambas
  3 naga magi
  6 cane toads
  4 gargoyles
  Maggie (Lair:1)
  A redback zombie (D:15)
  2 rime drakes (Lair:4)
  A komodo dragon (Lair:1)
  A harpy zombie (D:15)
  A merfolk (Lair:4)
  5 hornets
  6 trolls
  4 hippogriffs
  3 blink frogs (Lair:1)
  2 wraiths
  A shadow (D:15)
  A yak (D:14)
  A ynoxinul (Gauntlet)
  Eustachio (D:5)
  2 wyverns
  A basilisk (D:14)
  A small abomination (D:7)
  3 steam dragons
  A fire elemental (D:13)
  8 vampire mosquitoes
  8 nagas
  A soldier ant (D:14)
  7 acid dragons
  3 hell hounds (D:13)
  5 water moccasins
  13 porcupines
  9 orc warriors
  9 ice beasts
  2 necrophages
  11 ogres
  A sky beast (D:13)
  6 phantoms
  6 centaurs
  6 wolves (Gauntlet)
  5 big kobolds
  9 crocodiles
  15 bullfrogs
  3 wyvern zombies
  A water moccasin zombie (D:10)
  A wyvern skeleton (D:10)
  3 scorpions
  8 killer bees
  7 howler monkeys
  5 wights (D:11)
  An electric eel (Lair:2)
  3 centaur zombies
  A wyvern simulacrum (D:14)
  A quasit (D:8)
  6 hounds
  2 iron imps (Gauntlet)
  9 orc wizards
  6 orc priests
  2 bullfrog skeletons
  5 jellies
  4 centaur skeletons
  A human skeleton (D:14)
  3 iguanas
  6 worker ants
  3 hound skeletons
  A worker ant zombie (D:5)
  8 gnolls
  11 adders
  2 shadow imps
  4 white imps
  3 ufetubi
  2 worms
  5 leopard geckos
  47 orcs
  2 bats
  4 giant cockroaches
  6 goblins
  4 hobgoblins (Bailey)
  8 jackals
  35 kobolds
  4 quokkas
  4 frilled lizards
  A leopard gecko skeleton (D:7)
  A quokka zombie (D:6)
  2 rats
504 creatures vanquished.

Vanquished Creatures (collateral kills)
  Rupert (D:14)
  3 hydras
  A naga warrior (Snake:2)
  Nergalle (D:12)
  A shock serpent (Snake:3)
  3 salamanders
  A black mamba (Snake:3)
  A guardian serpent (Snake:2)
  A wyvern (D:14)
13 creatures vanquished.

Vanquished Creatures (others)
  A sky beast (D:11)
  An orc (D:11)
  46 fungi
  71 plants
119 creatures vanquished.

Grand Total: 636 creatures vanquished

Notes
Turn   | Place    | Note
-------+----------+-------------------------------------------
     0 | D:1      | Flugslaktarn the Deep Dwarf Fighter began the quest for the
                  | Orb.
     0 | D:1      | Reached XP level 1. HP: 20/20 MP: 1/1
   422 | D:2      | Reached XP level 2. HP: 25/27 MP: 2/2
   605 | D:3      | Reached XP level 3. HP: 32/34 MP: 3/3
   656 | D:3      | Reached skill level 3 in Axes
   658 | D:3      | Reached XP level 4. HP: 31/42 MP: 4/4
   759 | D:4      | Noticed an ogre
   769 | D:4      | Killed an ogre
   769 | D:4      | Reached skill level 4 in Axes
   769 | D:4      | Reached XP level 5. HP: 38/50 MP: 5/5
   863 | D:4      | Found a snail-covered altar of Cheibriados.
  1216 | D:5      | Entered Level 5 of the Dungeon
  1216 | D:5      | Found Paack's General Store.
  1217 | D:5      | Noticed Eustachio
  1228 | D:5      | Reached XP level 6. HP: 39/57 MP: 6/6
  1239 | D:4      | Reached skill level 1 in Dodging
  1241 | D:5      | Noticed an ice beast
  1275 | D:5      | Killed Eustachio
  1275 | D:5      | Reached skill level 5 in Axes
  1275 | D:5      | Reached XP level 7. HP: 47/66 MP: 7/7
  1287 | D:5      | Bought a scroll of enchant weapon for 97 gold pieces
  2117 | D:6      | Reached skill level 5 in Fighting
  2136 | D:6      | Reached skill level 6 in Axes
  2136 | D:6      | Reached skill level 5 in Armour
  2331 | D:6      | Found a broken altar of Ashenzari.
  2339 | D:6      | Reached XP level 8. HP: 33/75 MP: 8/8
  2523 | D:7      | Found Hohihamo's Antique Weapon Shop.
  2535 | D:7      | Bought a runed war axe for 130 gold pieces
  2688 | D:7      | Reached skill level 7 in Axes
  2701 | D:7      | Noticed a hippogriff
  2705 | D:7      | Found a staircase to the Ecumenical Temple.
  2713 | D:7      | Killed a hippogriff
  2720 | Temple   | Entered the Ecumenical Temple
  2806 | Temple   | Became a worshipper of Makhleb the Destroyer
  2831 | D:7      | Gained mutation: You passively map the area around you.
                  | [Deep Dwarf growth]
  2831 | D:7      | Reached XP level 9. HP: 32/85 MP: 8/8
  2833 | D:7      | Reached skill level 1 in Invocations
  2833 | D:7      | Reached skill level 1 in Evocations
  2888 | D:7      | Reached skill level 8 in Axes
  2924 | D:7      | Found a transporter.
  2924 | D:7      | Found a corrupted altar of Lugonu.
  2924 | D:7      | Noticed a cyan ugly thing
  2924 | D:7      | Noticed a cyan ugly thing
  2925 | D:7      | Noticed a brown ugly thing
  2926 | D:7      | Noticed a green ugly thing
  3405 | D:7      | Found a transporter.
  3552 | D:8      | Reached * piety under Makhleb
  3570 | D:8      | Found an iron altar of Okawaru.
  3648 | D:8      | Reached skill level 5 in Dodging
  4317 | D:9      | Reached skill level 9 in Axes
  4410 | D:9      | Reached ** piety under Makhleb
  4527 | D:9      | Reached XP level 10. HP: 62/96 MP: 10/10
  4582 | D:9      | Noticed Erolcha
  4613 | D:9      | Killed Erolcha
  4980 | D:10     | Entered Level 10 of the Dungeon
  5046 | D:10     | Killed an unseen horror
  5085 | D:10     | Noticed a two-headed ogre
  5097 | D:10     | Killed a two-headed ogre
  5145 | D:9      | Noticed a two-headed ogre
  5152 | D:9      | Killed a two-headed ogre
  5152 | D:9      | Reached skill level 10 in Axes
  5152 | D:9      | Reached skill level 5 in Invocations
  5152 | D:9      | Reached skill level 5 in Evocations
  5333 | D:10     | Killed an unseen horror
  5577 | D:10     | Reached XP level 11. HP: 104/104 MP: 11/11
  5783 | D:11     | Found a staircase to the Orcish Mines.
  5803 | D:11     | Found Ythraokuf's Armour Shoppe.
  5842 | D:11     | Noticed a purple ugly thing
  5852 | D:11     | Killed a purple ugly thing
  5860 | D:11     | Reached *** piety under Makhleb
  6045 | D:11     | Found a staircase to the Lair.
  6048 | D:11     | Noticed a two-headed ogre
  6059 | D:11     | Killed a two-headed ogre
  6148 | D:11     | Found a flagged portal.
  6162 | Bailey   | Entered a bailey
  6195 | Bailey   | Reached **** piety under Makhleb
  6292 | Bailey   | Noticed an orc knight
  6303 | Bailey   | Killed an orc knight
  6311 | Bailey   | Reached skill level 11 in Axes
  6833 | D:12     | Noticed an eight-headed hydra
  6850 | D:12     | Killed a 12-headed hydra
  6893 | D:12     | Noticed a two-headed ogre
  6895 | D:12     | Noticed Urug
  6907 | D:12     | Killed a two-headed ogre
  6923 | D:12     | Killed Urug
  6979 | D:12     | Noticed a two-headed ogre
  6992 | D:12     | Killed a two-headed ogre
  6992 | D:12     | Reached skill level 10 in Fighting
  7027 | D:12     | Noticed a seven-headed hydra
  7052 | D:12     | Killed a ten-headed hydra
  7052 | D:12     | Reached XP level 12. HP: 41/116 MP: 12/12
  7079 | D:12     | Found Kuqonar's Gadget Shoppe.
  7297 | D:12     | Found Sirikubep's Jewellery Boutique.
  7297 | D:12     | Noticed an eight-headed hydra
  7305 | D:12     | Killed a 12-headed hydra
  7324 | D:12     | Noticed Nergalle
  7334 | D:12     | Killed Nergalle
  7381 | D:12     | Found Jeppump's General Store.
  7703 | D:13     | Noticed a rakshasa
  7714 | D:13     | Killed a rakshasa
  7714 | D:13     | Reached skill level 12 in Axes
  7741 | D:13     | Noticed Azrael
  7763 | D:13     | Killed Azrael
  7913 | D:13     | Found a runed translucent door.
  7916 | D:13     | Noticed a centaur warrior
  7931 | D:13     | Killed a centaur warrior
  7938 | D:13     | Noticed a sphinx
  8101 | D:13     | Noticed a centaur warrior
  8101 | D:13     | Paralysed by a hornet for 3 turns
  8106 | D:13     | Noticed a catoblepas
  8108 | D:13     | Killed a centaur warrior
  8143 | D:13     | Killed a catoblepas
  8811 | D:11     | Bought a +0 scale mail for 44 gold pieces
  8811 | D:11     | Bought the +1 buckler of Gacrahemy {rElec Dex+4 Slay+3} for
                  | 489 gold pieces
  8914 | D:14     | Noticed a two-headed ogre
  8916 | D:14     | Killed a two-headed ogre
  8917 | D:14     | Found a transporter.
  8926 | D:14     | Reached XP level 13. HP: 69/127 MP: 12/12
  8976 | D:14     | Reached ***** piety under Makhleb
  9037 | D:14     | Found a gate leading to a gauntlet.
  9081 | D:14     | Reached skill level 13 in Axes
  9113 | Gauntlet | Entered a Gauntlet
  9113 | Gauntlet | Found a transporter.
  9123 | Gauntlet | Found a transporter.
  9138 | Gauntlet | Found a transporter.
  9143 | Gauntlet | Found a transporter.
  9158 | Gauntlet | Found a transporter.
  9177 | Gauntlet | Found a transporter.
  9189 | Gauntlet | Found a transporter.
  9201 | Gauntlet | Found a transporter.
  9213 | Gauntlet | Found a transporter.
  9219 | Gauntlet | Found a transporter.
  9219 | Gauntlet | Found a transporter.
  9234 | Gauntlet | Found a transporter.
  9251 | Gauntlet | Found a transporter.
  9271 | Gauntlet | Found a transporter.
  9298 | Gauntlet | Found a transporter.
  9298 | Gauntlet | Found a transporter.
  9318 | Gauntlet | Found a transporter.
  9396 | Gauntlet | Found a transporter.
  9669 | Gauntlet | Got a pair of polished gloves
  9686 | Gauntlet | Identified the +0 pair of gloves of Apathy {Rampage rN+
                  | Stlth+} (You found it in a Gauntlet)
  9696 | Gauntlet | Noticed a minotaur
  9704 | Gauntlet | Killed a minotaur
  9878 | D:14     | Noticed Rupert
  9912 | D:14     | Killed Rupert
  9912 | D:14     | Reached skill level 10 in Armour
  9963 | D:14     | Noticed Agnes
  9977 | D:14     | Killed Agnes
 10157 | D:14     | Found a gate to the Vaults.
 10157 | D:14     | Noticed an ironheart preserver
 10167 | D:14     | Killed an ironheart preserver
 10430 | D:14     | Reached skill level 10 in Invocations
 10528 | D:14     | Found a transporter.
 10588 | D:15     | Entered Level 15 of the Dungeon
 10664 | D:15     | Reached skill level 10 in Evocations
 10692 | D:15     | Gained mutation: You resist negative energy. (rN+) [Deep
                  | Dwarf growth]
 10692 | D:15     | Reached XP level 14. HP: 110/138 MP: 11/11
 10912 | D:15     | Reached skill level 14 in Axes
 11029 | D:15     | Reached skill level 10 in Dodging
 11157 | D:15     | Found a staircase to the Depths.
 11618 | Lair:1   | Entered Level 1 of the Lair of Beasts
 11737 | Lair:1   | Noticed Maggie
 11747 | Lair:1   | Killed Maggie
 11944 | Lair:2   | Found a staircase to the Snake Pit.
 13699 | Lair:4   | Found a staircase to the Shoals.
 13948 | Snake:1  | Entered Level 1 of the Snake Pit
 13958 | Snake:1  | Noticed a nagaraja
 13979 | Snake:1  | Killed a nagaraja
 13979 | Snake:1  | Reached skill level 15 in Axes
 14137 | Snake:1  | Reached XP level 15. HP: 147/147 MP: 13/13
 14286 | Snake:2  | Noticed Jorgrun
 14301 | Snake:2  | Killed Jorgrun
 14591 | Snake:3  | Noticed a nagaraja
 14601 | Snake:3  | Killed a nagaraja
 14613 | Snake:4  | Entered Level 4 of the Snake Pit
 14667 | Snake:4  | Noticed a nagaraja
 14673 | Snake:4  | Killed from afar by a nagaraja

Illustrated notes

Levels and vault maps discovered:
D:1:      dpeg_arrival_tiny_c, layout_loops_ring
D:2:      layout_basic, nrook_mini_vaults
D:3:      layout_basic, uniq_grinder
D:4:      layout_basic, cheibriados_altar_1, gup_sewer_entry_spiral
D:5:      layout_basic, serial_shops, nicolae_shop_waterfront, uniq_eustachio
D:6:      layout_rooms, cheibrodos_ashenzari_chains
D:7:      gammafunk_corrupted_shrine, layout_cave_pods,
          minmay_temple_entry_ruins, serial_shops, shop, serial_rivers,
          chequers_serial_rivers_micro_b, chequers_serial_rivers_micro_c,
          chequers_serial_rivers_micro_a, chequers_serial_rivers_small_3,
          chequers_serial_rivers_large_a
D:8:      layout_cave_pools, kennysheep_okawaru_gauntlet
D:9:      layout_stronghold, statue_in_the_mist_lemuel, feat_on_display,
          uniq_erolcha
D:10:     layout_loops_ring
D:11:     layout_rooms, due_lair_maze_entry_diamond, orc_david_3, serial_rivers,
          chequers_serial_rivers_micro_c, chequers_serial_rivers_small_b,
          chequers_serial_rivers_micro_d, chequers_serial_rivers_small_b,
          chequers_serial_rivers_marsh, lightli_bailey_entry_fortress
D:12:     minmay_diamond_stairs, layout_basic, serial_shops,
          kennysheep_mini_moat, shop, shop, serial_glass, glass_columns_a,
          glass_columns_a, uniq_nergalle, uniq_urug
D:13:     layout_stronghold, grunt_decor_one_mirror, minmay_hidden_floor,
          uniq_azrael
D:14:     gammafunk_cloud_chamber, layout_long_grid,
          skrybe_vaults_entry_preservation, gauntlet_entry_generic,
          serial_bayou_pond_c, lemuel_mausoleum_altar_yredelemnul, uniq_agnes,
          uniq_rupert
D:15:     grunt_enter_depths_hoard, layout_basic, minmay_misc_feat_plants,
          st_stairs_8
Temple:   compressed_dpeg_triangle_lava_temple
Lair:1:   layout_layer_cave, lemuel_fruit_fields, uniq_prince_ribbit2,
          uniq_maggie
Lair:2:   layout_hall_layers, minmay_snake_entry_guardpost_small,
          serial_bayou_shore_a
Lair:3:   minmay_guarded_unrand_snakebite, layout_hall_layers
Lair:4:   layout_long_grid, elwin_shoals_entry_rooms
Lair:5:   layout_loops_ring, minmay_holes, serial_bayou_pond_b,
          lemuel_fruit_fields
Snake:1:  layout_gridlike
Snake:2:  layout_misc_corridors, uniq_jorgrun
Snake:3:  layout_onion, st_stairs_5
Snake:4:  grunt_snake_rune_serpentine_throne, layout_cave_town,
          lemuel_fruit_tree, grunt_megastairs_2, serial_bayou_shore_b, uniq_mara

Skill      XL: |  1  2  3  4  5  6  7  8  9 10 11 12 13 14 15 |
---------------+----------------------------------------------+-----
Fighting       | 3 4 5 6 7 8 10 11 12 13 | 13.5
Axes           | 3 4 5 6 7 9 10 11 12 13 15 | 15.6
Armour         | 4 5 6 7 8 9 10 11 | 11.7
Shields        | 4 |  4.0
Dodging        | 1 2 4 5 6 7 8 9 10 11 | 11.0
Invocations    | 3 5 7 8 10 11 | 11.9
Evocations     | 3 5 7 8 10 | 10.0

Action                   |  1- 3 |  4- 6 |  7- 9 | 10-12 | 13-15 || total
-------------------------+-------+-------+-------+-------+-------++-------
Melee: War axe           |    71 |   109 |   239 |   489 |   684 ||  1592
Invok: Lesser Servant of |       |       |       |     6 |     9 ||    15
       Greater Servant o |       |       |       |       |     3 ||     3
 Abil: Heal Wounds       |       |     6 |    14 |    28 |    15 ||    63
Evoke: Wand              |       |       |       |     2 |       ||     2
       Tin of tremorston |       |       |       |     3 |       ||     3
       Condenser vane    |       |       |       |       |     1 ||     1
  Use: Scroll            |       |       |    27 |     6 |     3 ||    36
       Potion            |       |       |       |     2 |     2 ||     4
 Stab: Distracted        |       |       |       |     2 |       ||     2
       Petrified         |       |       |       |     1 |       ||     1
       Confused          |       |       |       |       |     2 ||     2
Armor: Scale mail        |    24 |       |       |       |       ||    24
       Chain mail        |    24 |   134 |   179 |     1 |   261 ||   599
       Plate armour      |       |       |       |   317 |    44 ||   361
Dodge: Dodged            |    23 |    43 |    97 |   199 |   389 ||   751
Block: Kite shield       |    38 |   121 |   157 |   296 |       ||   612
       Tower shield      |       |       |       |    18 |       ||    18
       Buckler           |       |       |       |     2 |   215 ||   217

Table legend: (Time is in decaauts)
 A = Elapsed time spent in this place.
 B = Non-inter-level travel time spent in this place.
 C = Inter-level travel time spent in this place.
 D = Time resting spent in this place.
 E = Time spent auto-exploring this place.
 F = Levels seen in this place.
 G = Mean time per level.
                   A        B        C        D        E       F      G
               +--------+--------+--------+--------+--------+-----+--------+
         Total |  14766 |  13680 |   1086 |    286 |   9873 |  27 |  546.9 |
       Dungeon |  10757 |   9839 |    918 |    245 |   6950 |  15 |  717.1 |
        Temple |     91 |     80 |     11 |      0 |     78 |   1 |   91.0 |
          Lair |   2324 |   2213 |    111 |      0 |   1945 |   5 |  464.8 |
     Snake Pit |    683 |    639 |     44 |      0 |    446 |   4 |  170.8 |
        Bailey |    317 |    317 |      0 |      0 |    149 |   1 |  317.0 |
      Gauntlet |    591 |    591 |      0 |     41 |    304 |   1 |  591.0 |
               +--------+--------+--------+--------+--------+-----+--------+

Top non-repeatable levels by time:
    D:13: 1152 daAuts
    D:14: 1061 daAuts
     D:9: 1022 daAuts
     D:7: 970 daAuts
    D:12: 928 daAuts
     D:5: 893 daAuts
    D:15: 883 daAuts
  Lair:2: 830 daAuts
    D:11: 795 daAuts
    D:10: 764 daAuts
  Lair:4: 653 daAuts
  Lair:3: 645 daAuts
     D:4: 601 daAuts
Gauntlet: 591 daAuts
     D:8: 578 daAuts
